 Dungeon Crawl Stone Soup version 0.28-a0-1143-gcf6077d4cc (webtiles) character file.

Game seed: 1553966312936347925

2382 kae the Cleaver (level 9, -1/70 HPs)
             Began as a Hill Orc Fighter on Dec 13, 2021.
             Was an Initiate of Qazlal.
             Slain by a killer bee (3 damage)
             ... on level 7 of the Dungeon on Dec 14, 2021.
             The game lasted 00:05:09 (6983 turns).

kae the Cleaver (Hill Orc Fighter)                  Turns: 6983, Time: 00:05:10

Health: -1/70      AC: 10    Str: 23    XL:     9   Next: 45%
Magic:  14/14      EV:  9    Int:  8    God:    Qazlal [......]
Gold:   216        SH:  4    Dex: 10    Spells: 8/8 levels left

rFire   . . .      SeeInvis .   a - +0 war axe (spect)
rCold   . . .      Faith    .   c - +0 buckler
rNeg    . . .      Spirit   .   b - +0 scale mail
rPois   .          Reflect  .   (no helmet)
rElec   .          Harm     .   w - +2 cloak
rCorr   .          Rampage  .   (no gloves)
Will    .....                   (no boots)
Stlth   ..........              (no amulet)
HPRegen 0.21/turn               (no ring)
MPRegen 0.14/turn               (no ring)

@: lethally poisoned (-1 -> -7), invisible
A: no striking features
a: Renounce Religion


You were on level 7 of the Dungeon.
You worshipped Qazlal.
Qazlal was noncommittal.
You visited 2 branches of the dungeon, and saw 9 of its levels.

You collected 342 gold pieces.
You spent 126 gold pieces at shops.

Inventory:

Hand Weapons
 a - a +0 spectral war axe (weapon)
Missiles
 y - a throwing net (quivered)
Armour
 b - a +0 scale mail (worn)
 c - a +0 buckler (worn)
 w - a +2 cloak (worn)
Jewellery
 k - a ring of positive energy
Wands
 p - a wand of acid (6)
 t - a wand of paralysis (2)
 u - a wand of digging (4)
 x - a wand of flame (37)
Scrolls
 j - 5 scrolls of teleportation
 q - a scroll of immolation
Potions
 d - a potion of might
 e - a potion of invisibility
 f - 2 potions of haste
 g - a potion of ambrosia
 h - 8 potions of curing
 i - a potion of attraction
 l - a potion of flight
 m - a potion of mutation {unknown}
 n - 4 potions of heal wounds {unknown}
 o - 2 potions of degeneration {unknown}
 s - a potion of magic {unknown}
 v - 3 potions of brilliance {unknown}


   Skills:
 - Level 3.6 Fighting
 + Level 14.2 Axes
 - Level 3.2 Armour
 - Level 4.0 Shields
 + Level 7.1 Invocations


You had 8 spell levels left.
You didn't know any spells.
Your spell library contained the following spells:

 Spells                   Type           Power      Damage    Failure   Level
 Foxfire                  Conj/Fire      0%         2x1d4     71%         1
 Slow                     Hex            0%         N/A       71%         1
 Sting                    Tmut/Pois      0%         1d3       71%         1
 Poisonous Vapours        Pois/Air       0%         N/A       85%         2
 Confusing Touch          Hex            0%         N/A       97%         3
 Conjure Flame            Conj/Fire      0%         6-21      97%         3
 Ignite Poison            Fire/Tmut/Pois 0%         N/A       97%         3
 Inner Flame              Hex/Fire       0%         N/A       97%         3
 Vampiric Draining        Necr           0%         2d6       97%         3
 Airstrike                Air            0%         N/A       100%        4
 Flame Wave               Conj/Fire      0%         2d4       100%        4
 Olgreb's Toxic Radiance  Pois           0%         N/A       100%        4
 Sticky Flame             Conj/Fire      0%         2d3       100%        4
 Summon Lightning Spire   Summ/Air       0%         N/A       100%        4
 Lightning Bolt           Conj/Air       0%         1d11      100%        5
 Dispersal                Tloc           0%         N/A       100%        6
 Disjunction              Tloc           0%         N/A       100%        8
 Chain Lightning          Conj/Air       0%         N/A       100%        9
 Fire Storm               Conj/Fire      0%         5d1       100%        9
 Shatter                  Erth           0%         3d5*      100%        9


Dungeon Overview and Level Annotations

Branches:
Dungeon (8/15)             Temple (1/1) D:5
   Lair: D:8-11

Altars:
Ashenzari
Cheibriados
Dithmenos
Elyvilon
Fedhas
Gozag
Hepliaklqana
Kikubaaqudgha
Makhleb
Nemelex Xobeh
Okawaru
Qazlal
Ru
Sif Muna
Trog
Uskayaw
Vehumet
Wu Jian
Xom
Yredelemnul
Zin
The Shining One

Shops:
D:7 **


Message History

You are more poisoned.
The killer bee poisons you!
You hit the killer bee.
The killer bee is heavily wounded.
You barely miss the killer bee.
You feel sick.
The killer bee stings you but does no damage. x3
You miss the killer bee.
The killer bee is heavily wounded.
You miss the killer bee.
You feel sick. The killer bee closely misses you.
The killer bee barely misses you. You block the killer bee's attack.
You miss the killer bee.
The killer bee is heavily wounded.
You closely miss the killer bee.
You feel sick. The killer bee stings you.
* * * LOW HITPOINT WARNING * * *
The killer bee stings you but does no damage.
You block the killer bee's attack. The killer bee stings you.
* * * LOW HITPOINT WARNING * * *
You are lethally poisoned!
The killer bee poisons you!
You closely miss the killer bee.
The killer bee is heavily wounded.
You miss the killer bee.
* * * LOW HITPOINT WARNING * * *
You feel very sick. You block the killer bee's attack.
The killer bee stings you!
* * * LOW HITPOINT WARNING * * *
Okay, then.
You feel better. You block the killer bee's attack. x2
The killer bee stings you.
* * * LOW HITPOINT WARNING * * *
The killer bee stings you.
* * * LOW HITPOINT WARNING * * *
You are lethally poisoned!
The killer bee poisons you!
Okay, then.
You fade into invisibility!
* * * LOW HITPOINT WARNING * * *
You feel sick. The killer bee closely misses you. x2
The killer bee stings you.
You die...

# ##....# # #.####
# #.# ##########.#
..#........#
############
......#.####
###...........
....#.#.#
#.....#.#.####
......#.#
#####.#..###..####
....#.#.#
#@yy....#.#......#
........#
#y###.#<##.##.##.#
##.##.### #.#
#.#....<..##.#
......# ####.#
#......##.....
#...#########....#
############.#
#...# #........##
####### #.#
#...####.####...#
#.....# #..
.........#
##.#####.....# ##.
.........#
#...........# #.


You could see 3 killer bees.

Vanquished Creatures
  Prince Ribbit (D:8)
  A steam dragon (D:7)
  An acid dragon (D:8)
  A water moccasin (D:6)
  A hornet zombie (D:7)
  An ice beast (D:5)
  A sky beast (D:5)
  A black bear (D:4)
  A necrophage (D:5)
  2 ogres
  A phantom (D:4)
  A kobold brigand (D:8)
  A scorpion (D:4)
  A bullfrog (D:6)
  A water moccasin zombie (D:7)
  A wyvern skeleton (D:5)
  2 killer bees (D:7)
  2 howler monkeys
  A centaur zombie (D:7)
  2 hounds (D:6)
  2 jellies
  A bullfrog skeleton (D:5)
  A gnoll shaman (D:5)
  2 centaur skeletons
  2 orc wizards
  Jessica (D:3)
  2 iguanas (D:6)
  A killer bee zombie (D:5)
  A hound skeleton (D:5)
  Robin (D:3)
  7 gnolls
  2 adders (D:2)
  A howler monkey skeleton (D:4)
  A white imp (D:6)
  An ufetubus (D:6)
  An adder skeleton (D:4)
  3 dart slugs
  17 orcs
  7 ball pythons
  7 endoplasms
  7 giant cockroaches
  15 goblins
  7 hobgoblins
  14 jackals
  6 quokkas
  9 bats
  2 frilled lizards
  17 kobolds
  11 rats
173 creatures vanquished.

Notes
Turn   | Place    | Note
-------+----------+-------------------------------------------
     0 | D:1      | kae the Hill Orc Fighter began the quest for the Orb.
     0 | D:1      | Reached XP level 1. HP: 19/19 MP: 1/1
   127 | D:1      | Reached skill level 3 in Axes
   133 | D:1      | Reached XP level 2. HP: 20/26 MP: 2/2
   278 | D:1      | Reached skill level 4 in Axes
   351 | D:1      | Reached XP level 3. HP: 26/31 MP: 3/3
   782 | D:2      | Found an ancient bone altar of Kikubaaqudgha.
  1005 | D:2      | You fall into a shaft and drop 1 floor!
  1065 | D:3      | Found a hazy altar of Hepliaklqana.
  1109 | D:3      | Noticed Robin
  1111 | D:3      | Reached XP level 4. HP: 35/39 MP: 4/4
  1123 | D:2      | Reached skill level 5 in Axes
  1740 | D:3      | Killed Robin
  1924 | D:3      | Found a faded altar of an unknown god.
  1924 | D:3      | Noticed Jessica
  1927 | D:3      | Killed Jessica
  1928 | D:3      | Reached skill level 6 in Axes
  2147 | D:3      | Reached XP level 5. HP: 45/45 MP: 5/5
  2681 | D:3      | Reached skill level 7 in Axes
  2868 | D:4      | Noticed a phantom
  2873 | D:4      | Killed a phantom
  2874 | D:4      | Reached XP level 6. HP: 51/51 MP: 6/6
  2922 | D:4      | Reached skill level 8 in Axes
  2976 | D:4      | Found a burning altar of Makhleb.
  3052 | D:4      | Found Zin's Purification Station.
  3052 | D:4      | Found a glowing silver altar of Zin.
  3062 | D:4      | Bought a potion of curing for 90 gold pieces
  3080 | D:4      | Found a sacrificial altar of Ru.
  3271 | D:4      | Found a bloodstained altar of Trog.
  3272 | D:4      | Noticed a black bear
  3276 | D:4      | Killed a black bear
  3277 | D:4      | Reached skill level 9 in Axes
  3277 | D:4      | Reached XP level 7. HP: 56/57 MP: 7/7
  3638 | D:5      | Entered Level 5 of the Dungeon
  3701 | D:5      | Reached skill level 10 in Axes
  3800 | D:5      | Reached skill level 11 in Axes
  3914 | D:5      | Reached XP level 8. HP: 54/64 MP: 8/8
  3985 | D:5      | Reached skill level 12 in Axes
  4161 | D:5      | Found a staircase to the Ecumenical Temple.
  4756 | Temple   | Entered the Ecumenical Temple
  4910 | Temple   | Became a worshipper of Qazlal Stormbringer
  4955 | D:6      | Reached skill level 1 in Invocations
  5229 | D:6      | Reached skill level 13 in Axes
  5729 | D:7      | Found Yddorchi's General Store.
  5734 | D:7      | Found Leaz's Specific Store.
  5742 | D:7      | Bought a scroll of teleportation for 36 gold pieces
  5777 | D:7      | Reached skill level 5 in Invocations
  5777 | D:7      | Reached XP level 9. HP: 70/70 MP: 12/12
  6393 | D:8      | Found a white marble altar of Elyvilon.
  6731 | D:8      | Noticed Prince Ribbit
  6750 | D:8      | Killed Prince Ribbit
  6751 | D:8      | Reached skill level 14 in Axes
  6981 | D:7      | HP: 2/70 [killer bee (8)]
  6983 | D:7      | Slain by a killer bee

Illustrated notes

Levels and vault maps discovered:
D:1:      dpeg_arrival_three_same_balls, layout_rooms,
          nicolae_concentric_dashed_squares_mild
D:2:      layout_rooms, basic_altar
D:3:      minmay_bubble_buster, layout_basic, lemuel_doored_altar,
          hellmonk_ecumenical_altar_inner_sanctum,
          minmay_misc_feat_more_columns, kennysheep_generic_room_6, uniq_robin,
          uniq_jessica
D:4:      layout_cave_pods, zin_purify, mainiacjoe_overflow_cross_hatched,
          lemuel_round_altar, nicolae_ru_great_annihilating_truth,
          nicolae_zen_rock_garden
D:5:      layout_cave_pods, minmay_temple_entry_offerings
D:6:      layout_cave_pools
D:7:      layout_loops_cross, grunt_ogre_cave, nicolae_specific_store
D:8:      layout_rooms, elyvilon_altar_4, david_lair_shrubbed,
          gammafunk_ghost_stat_death, minmay_strange_pillars,
          uniq_prince_ribbit1
Temple:   nicolae_temple_elliptical

Skill      XL: |  1  2  3  4  5  6  7  8  9 |
---------------+----------------------------+-----
Axes           | 3 4 6 7 9 11 13 14 | 14.2
Shields        | 4 |  4.0
Invocations    | 5 7 |  7.1
Fighting       | |  3.6
Armour         | |  3.2

Action                   |  1- 3 |  4- 6 |  7- 9 || total
-------------------------+-------+-------+-------++-------
Melee: War axe           |   103 |   176 |   137 ||   416
  Use: Scroll            |     1 |     3 |     9 ||    13
       Potion            |       |       |     2 ||     2
 Stab: Paralysed         |       |     1 |       ||     1
       Distracted        |       |       |     1 ||     1
Armor: Scale mail        |    70 |    84 |    58 ||   212
Dodge: Dodged            |    64 |    61 |    56 ||   181
Block: Buckler           |    25 |    33 |    27 ||    85

Table legend: (Time is in decaauts)
 A = Elapsed time spent in this place.
 B = Non-inter-level travel time spent in this place.
 C = Inter-level travel time spent in this place.
 D = Time resting spent in this place.
 E = Time spent auto-exploring this place.
 F = Levels seen in this place.
 G = Mean time per level.
                   A        B        C        D        E       F      G
               +--------+--------+--------+--------+--------+-----+--------+
         Total |   7033 |   6676 |    357 |    725 |   4931 |   9 |  781.4 |
       Dungeon |   6855 |   6541 |    314 |    725 |   4812 |   8 |  856.9 |
        Temple |    177 |    135 |     42 |      0 |    119 |   1 |  177.0 |
               +--------+--------+--------+--------+--------+-----+--------+

Top non-repeatable levels by time:
     D:7: 1376 daAuts
     D:5: 1128 daAuts
     D:2: 1028 daAuts
     D:3: 1027 daAuts
     D:4: 846 daAuts
     D:1: 800 daAuts
     D:6: 526 daAuts
  Temple: 177 daAuts
     D:8: 121 daAuts
